 Dungeon Crawl Stone Soup version 0.28.0 (webtiles) character file.

Game seed: 15098598415715960805

1213 freelancePsychic the Cutter (level 8, -2/44 HPs)
             Began as a Vine Stalker Delver on Feb 17, 2022.
             Was an Initiate of Cheibriados.
             Slain by a gnoll sergeant (4 damage)
             ... on level 7 of the Dungeon.
             The game lasted 00:13:53 (5831 turns).

freelancePsychic the Cutter (Vine Stalker Delver)   Turns: 5831, Time: 00:13:54

Health: -2/44      AC: 12    Str: 18    XL:     8   Next: 46%
Magic:  0/3        EV: 10    Int: 11    God:    Cheibriados [......]
Gold:   248        SH:  0    Dex: 17    Spells: 7/7 levels left

rFire   . . .      SeeInvis .   a - +2 dagger (antimagic)
rCold   . . .      Faith    .   (no shield)
rNeg    . . .      Spirit   +   h - +0 scale mail
rPois   .          Reflect  .   r - +0 helmet
rElec   .          Harm     .   (no cloak)
rCorr   .          Rampage  .   (no gloves)
Will    +....                   f - +0 pair of boots {Stlth+}
Stlth   +++.......              (no amulet)
HPRegen 0.94/turn               l - +4 ring of protection
MPRegen 0.08/turn               (no ring)

@: mighty, very slow
A: fangs 3, regeneration 1, magic shield, antimagic bite, no potion heal 2
a: Renounce Religion


You were on level 7 of the Dungeon.
You worshipped Cheibriados.
Cheibriados was noncommittal.
You visited 2 branches of the dungeon, and saw 9 of its levels.
You also visited: Ossuary.

You collected 339 gold pieces.
You spent 91 gold pieces at shops.

Inventory:

Hand Weapons
 a - a +2 antimagic dagger (weapon)
 b - the +7 shortbow of the Extremely Mad {venom, Will+}
   (You acquired it on level 7 of the Dungeon)

   Any ammunition fired from it poisons the flesh of those it strikes.
   Will:      It increases your willpower.
 i - a +0 dagger
Missiles
 e - 12 poisoned darts (quivered)
 q - 9 arrows
Armour
 f - a +0 pair of boots of stealth (worn)
 h - a +0 scale mail (worn)
 k - a +0 leather armour
 r - a +0 helmet (worn)
Jewellery
 l - a +4 ring of protection (left hand)
Wands
 g - a wand of digging (3)
 z - a wand of flame (21) {@v2}
 B - a wand of acid (11)
Scrolls
 c - 3 scrolls of fog
 n - a scroll of vulnerability
 v - a scroll of torment {unknown}
 x - a scroll of brand weapon {unknown}
 y - a scroll of immolation {unknown}
 A - a scroll of enchant armour {unknown}
Potions
 d - 2 potions of heal wounds {unknown}
 j - 2 potions of invisibility {unknown}
 m - 2 potions of lignification {unknown}
 o - a potion of mutation {unknown}
 p - 3 potions of might
 s - a potion of curing {@q1}
 t - a potion of magic {unknown}
 u - a potion of degeneration {unknown}


   Skills:
 + Level 5.6 Fighting
 * Level 7.3 Short Blades
 + Level 2.0 Armour
 - Level 1.6 Dodging
 - Level 6.0 Stealth


You had 7 spell levels left.
You didn't know any spells.
Your spell library contained the following spells:

 Spells                   Type           Power      Damage    Failure   Level
 Corpse Rot               Necr/Air       0%         N/A       86%         2
 Poisonous Vapours        Pois/Air       0%         N/A       86%         2


Dungeon Overview and Level Annotations

Branches:
Dungeon (8/15)             Temple (1/1) D:7         Ossuary (visited)
   Lair: D:8-11

Altars:
Ashenzari
Cheibriados
Gozag
Hepliaklqana
Makhleb
Okawaru
Sif Muna
Trog
Vehumet
Wu Jian

Shops:
D:2 !

Annotations:
D:3 1 runed translucent door, Crazy Yiuf
D:4 Dowan, Duvessa
D:5 exclusion: hornet
D:6 1 runed translucent door, psuckher's ghost, novice TrDe


Innate Abilities, Weirdness & Mutations

You have razor-sharp teeth.
Your natural rate of healing is unusually fast.
When hurt, damage is shared between your health and your magic reserves.
Your bite disrupts and absorbs the magic of your enemies.
Potions cannot restore your health.


Message History

The gnoll sergeant burns you.
There is a large open door here.
You hit the gnoll sergeant. You bite the gnoll sergeant! You drain its power.
You feel invigorated.
The gnoll sergeant is heavily wounded.
You barely miss the gnoll sergeant.
The gnoll sergeant is heavily wounded.
The gnoll sergeant hits you with a +1 spear of flaming.
The gnoll sergeant burns you.
You are too injured to fight recklessly!
You are too injured to fight recklessly!
You are too injured to fight recklessly!
You are too injured to fight recklessly!
You hit the gnoll sergeant but do no damage.
The gnoll sergeant is heavily wounded.
The gnoll sergeant hits you with a +1 spear of flaming!
The gnoll sergeant burns you.
You hit the gnoll sergeant but do no damage.
Your bite misses the gnoll sergeant.
The gnoll sergeant is heavily wounded.
You hit the gnoll sergeant but do no damage.
You bite the gnoll sergeant, but do no damage.
The gnoll sergeant is heavily wounded.
The gnoll sergeant hits you with a +1 spear of flaming.
The gnoll sergeant burns you. The gnoll sergeant misses you.
Things that are here:
a +0 club; a gnoll corpse The gnoll sergeant hits you from afar with a +1 spear of flaming!
* * * LOW HITPOINT WARNING * * *
The gnoll sergeant burns you.
* * * LOW HITPOINT WARNING * * *
Things that are here:
a +0 spear; a gnoll corpse You have no ailments to cure.
You feel very mighty all of a sudden.
The gnoll sergeant hits you from afar with a +1 spear of flaming!
* * * LOW HITPOINT WARNING * * *
The gnoll sergeant burns you.
You die...

.....###...........
#.#..#.............
#.#................
#.#.....!.........#
##...#.............#
##...###.......).....
#######....##.#...........#
.................##.....#..
.........@..........####..
##....)............###..
#...g#####..........#..
#...#######............
#..)#.....##...##......
#...'.....##.#....#....
#...(.....##...........
#...#(.#+###...(..#....
#...#⌠.# #......#....


You could see a gnoll sergeant.

Vanquished Creatures
  Sigmund (D:2)
  2 water moccasins
  An ogre (D:3)
  A phantom (D:5)
  A scorpion (D:6)
  A centaur zombie (D:5)
  2 bullfrog zombies
  2 jellies
  An orc priest (D:2)
  A hound (D:7)
  Jessica (D:2)
  4 iguanas
  3 orc wizards
  A hound zombie (D:5)
  A mummy (D:7)
  Robin (D:3)
  2 gnolls (D:7)
  6 adders
  A shadow imp (D:7)
  3 worms
  A dart slug (D:4)
  4 orcs
  6 ball pythons
  5 endoplasms
  2 giant cockroaches
  17 goblins
  8 hobgoblins
  6 jackals
  6 kobolds
  3 quokkas
  3 bats
  3 frilled lizards
  6 rats
106 creatures vanquished.

Vanquished Creatures (others)
  A cyclops (D:6)
  A fungus (D:3)
2 creatures vanquished.

Grand Total: 108 creatures vanquished

Notes
Turn   | Place    | Note
-------+----------+-------------------------------------------
     0 | D:5      | freelancePsychic the Vine Stalker Delver began the quest
                  | for the Orb.
     0 | D:5      | Reached XP level 1. HP: 11/11 MP: 2/2
    66 | D:3      | Noticed Robin
    76 | D:2      | Reached skill level 2 in Short Blades
   156 | D:2      | Noticed Sigmund
   196 | D:2      | Reached XP level 2. HP: 16/16 MP: 3/3
   283 | D:2      | Noticed Jessica
   491 | D:1      | Reached XP level 3. HP: 14/20 MP: 1/4
   883 | D:1      | Found a faded altar of an unknown god.
   884 | D:1      | Noticed a floating eye
   936 | D:1      | Noticed an eye of devastation
   942 | D:1      | Noticed a floating eye
   945 | D:1      | Noticed a shining eye
  1449 | D:2      | Found Tidelaul's Distillery.
  1457 | D:2      | Bought a potion of might for 52 gold pieces
  1472 | D:2      | Bought a potion of curing for 39 gold pieces
  1612 | D:2      | Killed Jessica
  1613 | D:2      | Reached skill level 3 in Short Blades
  1613 | D:2      | Gained mutation: Your natural rate of healing is unusually
                  | fast. [Vine Stalker growth]
  1613 | D:2      | Reached XP level 4. HP: 21/24 MP: 5/5
  1825 | D:3      | Killed Robin
  1871 | D:3      | Noticed an ogre
  2018 | D:2      | Killed Sigmund
  2019 | D:2      | Reached skill level 4 in Short Blades
  2019 | D:2      | Reached XP level 5. HP: 27/29 MP: 6/6
  2019 | D:2      | Reached XP level 6. HP: 30/33 MP: 7/7
  2247 | D:2      | Reached skill level 5 in Short Blades
  2709 | D:3      | Reached XP level 7. HP: 38/38 MP: 2/8
  3349 | D:3      | Found a runed translucent door.
  3350 | D:3      | Noticed Crazy Yiuf
  3675 | D:4      | Noticed Duvessa
  3675 | D:4      | Noticed Dowan
  4106 | D:5      | Reached skill level 6 in Short Blades
  4542 | D:5      | Found a hazy altar of Hepliaklqana.
  4723 | D:5      | Reached skill level 5 in Fighting
  4813 | D:5      | Noticed a hornet
  5250 | D:5      | Reached skill level 1 in Armour
  5250 | D:5      | Gained mutation: You have razor-sharp teeth. [Vine Stalker
                  | growth]
  5250 | D:5      | Reached XP level 8. HP: 43/43 MP: 3/9
  5278 | D:6      | Found a runed translucent door.
  5279 | D:6      | Killed a cyclops
  5317 | D:6      | Noticed psuckher's ghost (novice TrDe)
  5419 | D:6      | Reached skill level 7 in Short Blades
  5467 | D:6      | Found a bloodstained altar of Trog.
  5468 | D:6      | You fall into a shaft and drop 2 floors!
  5494 | D:7      | Found a staircase to the Ecumenical Temple.
  5505 | Temple   | Entered the Ecumenical Temple
  5525 | Temple   | Became a worshipper of Cheibriados the Contemplative
  5561 | D:7      | Found a sand-covered staircase.
  5570 | Ossuary  | Entered an ossuary
  5712 | D:7      | Identified a scroll of acquirement
  5712 | D:7      | Acquired the +7 shortbow of the Extremely Mad {venom,
                  | Will+}
  5831 | D:7      | HP: 2/44 [gnoll sergeant (8)]
  5831 | D:7      | Slain by a gnoll sergeant

Illustrated notes

Levels and vault maps discovered:
D:1:      minmay_arrival_shattered_statue, layout_loops_ring,
          hellmonk_ecumenical_altar_watching_god
D:2:      layout_loops_ring, serial_shops, shop, uniq_jessica, uniq_sigmund
D:3:      layout_loops_ring, palyth_stone_intersect, uniq_crazy_yiuf_cottage,
          uniq_robin
D:4:      layout_basic, chequers_serial_rivers_micro_d, uniq_duvessa
D:5:      layout_loops_ring, kennysheep_mini_moat, lightli_corner_chamber
D:6:      layout_loops_cross, grunt_temple_overflow_order_and_chaos_1,
          trog_three_pillars_becter, jmf_multi_god_temple2, serial_shops,
          kennysheep_little_box, serial_rivers, chequers_serial_rivers_small_3,
          chequers_serial_rivers_micro_b, chequers_serial_rivers_micro_c,
          chequers_serial_rivers_micro_d, chequers_serial_rivers_small_b,
          chequers_serial_rivers_small_b, ebering_ghost_sewer_d
D:7:      layout_cave_pools, minmay_temple_entry_slanted, serial_shops,
          nicolae_take_the_stairs, serial_gnoll_camp, gnoll_camp_medium_02,
          gnoll_camp_mini_sergeant, gnoll_camp_mini_loothouse,
          gnoll_camp_mini_house, gnoll_camp_mini_hut, enter_ossuary_1
D:8:      layout_loops_ring, nicolae_yredelemnul_ghost_church, nicolae_wwwww
Temple:   nicolae_temple_god_jail

Skill      XL: |  1  2  3  4  5  6  7  8 |
---------------+-------------------------+-----
Short Blades   | 2 3 4 5 6 7 |  7.3
Fighting       | 3 4 5 |  5.6
Armour         | 1 2 |  2.0
Dodging        | |  1.6
Stealth        | |  6.0

Action                   |  1- 3 |  4- 6 |  7- 9 || total
-------------------------+-------+-------+-------++-------
Melee: Short sword       |     7 |       |       ||     7
       Dagger            |    80 |   110 |   205 ||   395
       Bite              |    24 |    34 |    76 ||   134
       Punch             |     1 |       |     1 ||     2
 Fire: Shortbow          |       |       |     7 ||     7
Throw: Dart              |       |     6 |    11 ||    17
  Use: Scroll            |     2 |     4 |     5 ||    11
       Potion            |       |     2 |     1 ||     3
 Stab: Sleeping          |    10 |     4 |     7 ||    21
       Distracted        |     1 |     1 |       ||     2
Armor: Leather armour    |    22 |    16 |       ||    38
       Scale mail        |       |     5 |    86 ||    91
Dodge: Dodged            |    40 |    46 |    67 ||   153
